 Dungeon Crawl Stone Soup version 0.25-a0-424-g80bd347ae0 (webtiles) character file.

Game seed: 17569844227470858961, levelgen mode: deterministic

56268 tilp the Stormcaller (level 14, -14/86 HPs)
             Began as a Tengu Air Elementalist on Jan 20, 2020.
             Was an Elder of Sif Muna.
             Demolished by an orc warrior
             ... wielding a +0 dire flail
              (30 damage)
             ... on level 2 of the Orcish Mines on Jan 21, 2020.
             The game lasted 01:14:42 (26165 turns).

tilp the Stormcaller (Tengu Air Elementalist)      Turns: 26165, Time: 01:14:43

Health: -14/86     AC:  8    Str:  9    XL:     14   Next: 81%
Magic:  3/28       EV: 25    Int: 21    God:    Sif Muna [****..]
Gold:   1662       SH:  0    Dex: 14    Spells: 6/31 levels left

rFire    . . .     SeeInvis .   a - +4 scimitar (freeze)
rCold    . . .     Gourm    .   (no shield)
rNeg     . . .     Faith    .   n - +0 troll leather armour
rPois    .         Spirit   .   (helmet restricted)
rElec    .         Reflect  .   d - +1 cloak {+Inv}
rCorr    .         Harm     .   l - +0 pair of gloves
MR       +....                  (boots unavailable)
Stlth    ++........             F - amulet of rage
HPRegen  0.64/turn              C - +4 ring of evasion
MPRegen  0.21/turn              y - +1 ring of protection

@: about to teleport, flying quickly and evasively, lightly drained, quick
A: beak, talons 3, able to fly
a: Stop Flying, Channel Magic, Forget Spell, Divine Exegesis, Renounce Religion,
Evoke Berserk Rage, Evoke Invisibility


You were on level 2 of the Orcish Mines.
You worshipped Sif Muna.
Sif Muna was greatly pleased with you.
You were very hungry.

You visited 4 branches of the dungeon, and saw 21 of its levels.

You collected 2305 gold pieces.
You spent 643 gold pieces at shops.

Inventory:

Hand Weapons
 a - a +4 scimitar of freezing (weapon)
 b - a +4 mace of protection
 x - a +2 lajatang of electrocution
Missiles
 p - 30 boomerangs
 w - 47 poisoned darts (quivered)
 L - 3 silver boomerangs
 M - 2 throwing nets
 R - 10 curare-tipped darts
Armour
 d - a +1 cloak of invisibility (worn)
 l - a +0 pair of gloves (worn)
 n - a +0 troll leather armour (worn)
Magical Staves
 U - an uncursed staff of wizardry
Jewellery
 j - an uncursed ring of fire
 t - a +2 ring of dexterity
 y - a +1 ring of protection (right hand)
 C - a +4 ring of evasion (left hand)
 F - an amulet of rage (around neck)
 N - the ring "Guygoym" {Ice Str+6}
   (You took it off an orc on level 11 of the Dungeon)

   [ring of ice]

   It enhances your ice magic.
   It affects your strength (+6).
   It makes you vulnerable to fire.
   It protects you from cold.
 P - an uncursed ring of magical power
 T - an uncursed amulet of magic regeneration
Wands
 k - a wand of acid (16)
 v - a wand of flame (93)
 z - a wand of paralysis (23)
 B - a wand of clouds (4)
 G - a wand of iceblast (31)
 J - a wand of polymorph (20)
 V - a wand of digging (2)
Scrolls
 g - 3 scrolls of fog
 h - 13 scrolls of remove curse
 m - 2 scrolls of blinking
 r - 3 scrolls of amnesia
 s - a scroll of magic mapping
 E - 10 scrolls of teleportation
 H - a scroll of brand weapon
 I - a scroll of fear
 K - 2 scrolls of summoning
 O - a scroll of enchant weapon {unknown}
 S - a scroll of torment {unknown}
 W - 3 scrolls of identify
 Z - a scroll of enchant armour {unknown}
Potions
 e - 7 potions of brilliance
 f - 3 potions of heal wounds
 i - a potion of magic
 o - 5 potions of curing
 u - 2 potions of haste
 A - 2 potions of cancellation
 D - 3 potions of lignification
 Q - 3 potions of might
Comestibles
 c - 36 rations
 q - a chunk of flesh


   Skills:
 + Level 9.2(8.9) Fighting
 + Level 11.0(10.7) Dodging
 - Level 4.2(3.9) Stealth
 + Level 9.1(8.8) Spellcasting
 - Level 10.0(9.7) Conjurations
 - Level 6.0(5.7) Charms
 - Level 15.1(14.8) Air Magic
 - Level 8.0(7.7) Invocations
 - Level 8.0(7.7) Evocations


You had 6 spell levels left.
You knew the following spells:

 Your Spells              Type           Power        Failure   Level  Hunger
a - Shock                 Conj/Air       ####         1%          1    None
b - Swiftness             Chrm/Air       ######..     1%          2    None
c - Static Discharge      Conj/Air       ######..     1%          3    None
d - Airstrike             Air            ######....   1%          4    ###....
e - Lightning Bolt        Conj/Air       ######....   1%          5    #####..
f - Apportation           Tloc           #.....       11%         1    None
g - Mephitic Cloud        Conj/Pois/Air  #####...     1%          3    None
h - Shroud of Golubria    Chrm/Tloc      ###...       4%          2    None
i - Ozocubu's Armour      Chrm/Ice       ###.....     10%         3    None
j - Animate Skeleton      Necr           N/A          11%         1    None

Your spell library contained the following spells:

 Spells                   Type           Power        Failure   Level  Hunger
 Infusion                 Chrm           ####         1%          1    None
 Corpse Rot               Necr/Air       N/A          1%          2    None
 Poisonous Vapours        Pois/Air       #####.       1%          2    None
 Song of Slaying          Chrm           ####....     1%          2    None
 Conjure Flame            Conj/Fire      ####....     4%          3    None
 Stone Arrow              Conj/Erth      ####..       4%          3    None
 Spectral Weapon          Hex/Chrm       ###.....     10%         3    None
 Corona                   Hex            #......      11%         1    None
 Freeze                   Ice            #...         11%         1    None
 Summon Small Mammal      Summ           #...         11%         1    None
 Iskenderun's Battlesphe  Conj/Chrm      #####...     12%         5    #####..
 Hailstorm                Conj/Ice       ####....     14%         4    ###....
 Freezing Cloud           Conj/Ice/Air   #####.....   50%         6    ######.
 Bolt of Magma            Conj/Fire/Erth ###.......   58%         5    #####..
 Summon Ice Beast         Ice/Summ       #.......     71%         4    ###....
 Iron Shot                Conj/Erth      ####......   91%         6    ######.
 Summon Forest            Summ/Tloc      #.........   96%         5    #####..
 Eringya's Noxious Bog    Tmut/Pois      #.........   100%        6    ######.
 Hydra Form               Tmut           #.........   100%        6    ######.
 Orb of Destruction       Conj           ######....   85%         7    #######
 Ring of Flames           Chrm/Fire      ###.......   100%        7    #######
 Spellforged Servitor     Conj/Summ      ####......   100%        7    #######
 Summon Hydra             Summ           #.........   100%        7    #######


Dungeon Overview and Level Annotations

Branches:
Dungeon (12/15)            Temple (1/1) D:6            Lair (6/6) D:11
  Swamp (0/4) Lair:2        Snake (0/4) Lair:3        Slime (0/5) Lair:5
    Orc (2/2) D:10            Elf (0/3) Orc:2

Altars:
Ashenzari
Cheibriados
Dithmenos
Elyvilon
Fedhas
Gozag
Hepliaklqana
Kikubaaqudgha
Makhleb
Nemelex Xobeh
Okawaru
Qazlal
Ru
Sif Muna
Trog
Uskayaw
Vehumet
Wu Jian
Xom
Yredelemnul
Zin
The Shining One
Beogh
Jiyva

Shops:
D:8 (

Annotations:
Lair:3 exclusion: oklob plant


Innate Abilities, Weirdness & Mutations

You have a beak for a mouth.
You have claws for feet.
You can fly continuously.


Message History

An orc high priest comes into view. It is wielding a +0 flail.
Casting: Lightning Bolt (safe; 1% risk of failure)
Confirm with . or Enter, or press ? or * to list all spells.
Aiming: Lightning Bolt (safe; 1% risk of failure)
Press: ? - help, Shift-Dir - straight line, p - orc knight You hear a mighty clap of thunder!
The bolt of lightning hits the orc knight!!!
You kill the orc knight!
Sif Muna accepts your kill.
Your base Dodging skill increases to level 11!
The bolt of lightning hits the orc knight!!
The orc knight is heavily wounded.
The bolt of lightning misses the orc sorcerer.
The bolt of lightning hits the orc sorcerer!!
The orc sorcerer is severely wounded.
You hear a shout! x4
The orc knight roars a battlecry!
The orc high priest goes into a battle-frenzy!
The orc warrior hits you with a +0 dire flail!!
You die...

....#....##.#.# ######
#. ._..#.....##..#
##.)[.# #.
...........#..#
##..##..o..# #.
..............# #..##
.oo.. #.
#..........#..###o##
#o#. #.
.....)........##o.# # #.
........)..#..##o## #.
....#....##...##)# ##
..............##@#
..............##o#####..
.................o......
..............##.#####..
..............##.#
...........)..##.#
..............##.#
..............##..
..............###.


You could see an orc knight, an orc high priest, an orc sorcerer and 2 orc
warriors.

Vanquished Creatures
  Rupert (Lair:4)
  An orc warlord (Orc:1)
  2 ettins
  9 hydras
  A catoblepas (Lair:6)
  A two-headed ogre (D:11)
  A deep troll shaman (Lair:6)
  4 death yaks (Lair:6)
  An orc high priest (Orc:2)
  Sonja (D:11)
  A swamp dragon (Lair:2)
  4 orc knights
  An oklob plant (Lair:6)
  4 orc sorcerers
  A cyclops (D:11)
  13 elephants
  2 black mambas
  11 spiny frogs
  3 komodo dragons
  2 rime drakes
  A centaur skeleton (D:11)
  3 trolls
  3 polar bears
  A queen bee (Orc:1)
  10 hippogriffs
  18 blink frogs
  4 dream sheep (Lair:6)
  A wraith (D:6)
  A vampire (D:11)
  14 yaks
  5 wyverns
  3 basilisks
  2 nagas (Lair:3)
  2 wargs
  11 porcupines
  9 water moccasins
  4 sky beasts
  5 black bears
  23 orc warriors
  3 phantoms
  A necrophage (D:3)
  2 ice beasts
  11 ogres
  4 boggarts (Lair:5)
  17 wolves
  10 centaurs
  8 crocodiles
  16 bullfrogs
  2 scorpions (D:7)
  3 troll zombies (D:10)
  8 wights (D:7)
  27 killer bees
  A vampire bat (Lair:5)
  2 howler monkeys (D:4)
  2 centaur zombies
  A bullfrog zombie (D:9)
  7 jellies
  A quasit (D:10)
  4 hounds
  14 orc wizards
  14 orc priests
  A bullfrog skeleton (D:6)
  4 iguanas
  8 worker ants
  5 ogre zombies (D:10)
  A hound skeleton (D:11)
  3 gnolls (D:9)
  12 adders
  A shadow imp (D:9)
  2 oozes
  2 adder skeletons
  5 worms
  3 dart slugs
  7 leopard geckos
  63 orcs
  16 bats
  A giant cockroach (D:2)
  8 goblins
  5 hobgoblins
  17 jackals
  7 quokkas
  5 frilled lizards
  3 goblin skeletons (D:10)
  3 goblin zombies (D:10)
  3 hobgoblin skeletons (D:10)
  3 hobgoblin zombies (D:10)
  7 kobolds
  A leopard gecko skeleton (D:7)
  An orc skeleton (D:10)
  12 orc zombies (D:10)
  A quokka skeleton (D:3)
  A quokka zombie (D:7)
  5 rats
  A bush (Lair:6)
  A plant (Lair:5)
560 creatures vanquished.

Vanquished Creatures (others)
  3 fungi
  A plant (Lair:5)
4 creatures vanquished.

Grand Total: 564 creatures vanquished

Notes
Turn   | Place    | Note
-------+----------+-------------------------------------------
     0 | D:1      | tilp the Tengu Air Elementalist began the quest for the
                  | Orb.
     0 | D:1      | Reached XP level 1. HP: 10/10 MP: 4/4
    83 | D:1      | Reached XP level 2. HP: 15/15 MP: 3/6
   392 | D:1      | Learned a level 2 spell: Swiftness
   653 | D:1      | Reached XP level 3. HP: 19/19 MP: 2/7
   666 | D:1      | Learned a level 3 spell: Static Discharge
  1161 | D:2      | Reached XP level 4. HP: 24/24 MP: 3/8
  2126 | D:3      | Noticed a necrophage
  2136 | D:3      | Killed a necrophage
  2136 | D:3      | Reached skill level 5 in Conjurations
  2136 | D:3      | Reached skill level 5 in Air Magic
  2136 | D:3      | Gained mutation: You can fly continuously. [Tengu growth]
  2136 | D:3      | Reached XP level 5. HP: 19/27 MP: 1/10
  2234 | D:3      | Found a faded altar of an unknown god.
  2511 | D:3      | Reached XP level 6. HP: 31/31 MP: 6/12
  2842 | D:4      | Reached skill level 6 in Air Magic
  2904 | D:4      | Found a radiant altar of Vehumet.
  2941 | D:4      | Noticed a sky beast
  3031 | D:4      | Reached skill level 1 in Fighting
  3031 | D:4      | Reached XP level 7. HP: 37/37 MP: 8/14
  3232 | D:4      | Found a blossoming altar of Fedhas.
  3500 | D:4      | Learned a level 4 spell: Airstrike
  3666 | D:5      | Entered Level 5 of the Dungeon
  3945 | D:5      | Reached XP level 8. HP: 47/47 MP: 7/15
  3959 | D:5      | Reached skill level 5 in Dodging
  4645 | D:6      | Found a sacrificial altar of Ru.
  4668 | D:6      | Reached skill level 1 in Evocations
  4861 | D:6      | Found a staircase to the Ecumenical Temple.
  4872 | D:6      | Learned a level 1 spell: Animate Skeleton
  4874 | D:6      | Learned a level 1 spell: Apportation
  4876 | Temple   | Entered the Ecumenical Temple
  5011 | Temple   | Became a worshipper of Sif Muna the Loreminder
  5066 | D:6      | Learned a level 3 spell: Mephitic Cloud
  5176 | D:6      | Noticed a wyvern
  5179 | D:6      | Killed a wyvern
  5251 | D:6      | Noticed a wraith
  5255 | D:6      | Killed a wraith
  5445 | D:6      | Reached XP level 9. HP: 50/51 MP: 11/16
  5660 | D:6      | Found a bloodstained altar of Trog.
  5661 | D:6      | Found a snail-covered altar of Cheibriados.
  6023 | D:6      | Reached skill level 7 in Air Magic
  6380 | D:7      | Reached skill level 8 in Air Magic
  6630 | D:7      | Reached skill level 9 in Air Magic
  6961 | D:7      | Reached * piety under Sif Muna
  6961 | D:7      | Reached skill level 10 in Air Magic
  7117 | D:7      | Reached skill level 1 in Invocations
  7389 | D:8      | Reached skill level 5 in Evocations
  7554 | D:8      | Reached XP level 10. HP: 55/55 MP: 8/17
  7637 | D:8      | Found Hudiw's Weapon Emporium.
  7964 | D:8      | Learned a level 2 spell: Shroud of Golubria
  8480 | D:9      | Noticed a four-headed hydra
  8491 | D:9      | Killed a five-headed hydra
  8491 | D:9      | Reached skill level 5 in Invocations
  8757 | D:9      | Noticed a two-headed ogre
  8892 | D:9      | Noticed an elephant
  8892 | D:9      | a two-headed ogre changed into an elephant
  8902 | D:9      | Killed an elephant
  8931 | D:9      | Reached ** piety under Sif Muna
  8999 | D:9      | Reached skill level 1 in Charms
  9030 | D:9      | Found a shattered altar of Ashenzari.
  9309 | D:10     | Entered Level 10 of the Dungeon
  9717 | D:10     | Found a staircase to the Orcish Mines.
  9731 | D:10     | Reached *** piety under Sif Muna
 10360 | D:10     | Reached XP level 11. HP: 61/61 MP: 14/18
 10615 | D:11     | Noticed a cyclops
 10660 | D:8      | Bought a +2 lajatang of electrocution for 643 gold pieces
 11023 | D:11     | Identified the ring "Guygoym" {Ice Str+6}
 11111 | D:11     | Reached skill level 5 in Spellcasting
 11284 | D:11     | Noticed a two-headed ogre
 11290 | D:11     | Killed a two-headed ogre
 11290 | D:11     | Reached skill level 11 in Air Magic
 11519 | D:11     | Noticed Sonja
 11522 | D:11     | Killed Sonja
 11714 | D:11     | Killed a cyclops
 11912 | D:11     | Noticed a six-headed hydra
 12208 | D:11     | Reached **** piety under Sif Muna
 12208 | D:11     | Reached skill level 12 in Air Magic
 12209 | D:11     | HP: 1/61 [centaur/arrow (14)]
 12911 | D:11     | Found a staircase to the Lair.
 13222 | D:11     | Killed a six-headed hydra
 13222 | D:11     | Reached skill level 5 in Fighting
 13677 | D:11     | Learned a level 3 spell: Ozocubu's Armour
 13708 | D:12     | Noticed a deep elf mage
 13854 | Lair:1   | Entered Level 1 of the Lair of Beasts
 14414 | Lair:1   | You are sucked into a shaft and drop 1 floor!
 14415 | Lair:2   | Noticed an eight-headed hydra
 14438 | Lair:2   | Reached XP level 12. HP: 71/71 MP: 11/22
 15447 | Lair:2   | Killed an eight-headed hydra
 15582 | Lair:2   | Found a staircase to the Swamp.
 15606 | Lair:2   | Reached skill level 10 in Dodging
 15969 | Lair:3   | Noticed an eight-headed hydra
 15974 | Lair:3   | Killed an eight-headed hydra
 16105 | Lair:3   | Noticed an eight-headed hydra
 16110 | Lair:3   | Killed an eight-headed hydra
 16783 | Lair:3   | Noticed a six-headed hydra
 16792 | Lair:3   | Killed a six-headed hydra
 17118 | Lair:3   | Found a staircase to the Snake Pit.
 17296 | Lair:3   | Reached XP level 13. HP: 78/78 MP: 7/26
 18353 | Lair:4   | Noticed Rupert
 18366 | Lair:4   | Killed Rupert
 18819 | Lair:4   | Learned a level 5 spell: Lightning Bolt
 19457 | Lair:5   | Reached skill level 5 in Charms
 19605 | Lair:5   | Found a staircase to the Slime Pits.
 19606 | Lair:5   | Found a viscous altar of Jiyva.
 20646 | Lair:5   | Reached skill level 13 in Air Magic
 21042 | Lair:6   | Entered Level 6 of the Lair of Beasts
 21404 | Lair:6   | Found a radiant altar of Vehumet.
 21742 | Lair:6   | Reached ***** piety under Sif Muna
 21867 | Lair:6   | Received a gift from Sif Muna
 22277 | Lair:6   | Reached XP level 14. HP: 84/84 MP: 13/27
 22906 | Lair:6   | Reached skill level 10 in Conjurations
 23041 | Lair:6   | Reached skill level 14 in Air Magic
 23425 | Lair:6   | Reached skill level 15 in Air Magic
 23530 | Lair:6   | Identified the +4 ring mail of the Jabberwock {Regen+
                  | Str+4} (You found it on level 6 of the Lair of Beasts)
 23715 | Orc:1    | Entered Level 1 of the Orcish Mines
 24092 | Orc:1    | Noticed an orc warlord
 24118 | Orc:1    | Killed an orc warlord
 24734 | Orc:2    | Entered Level 2 of the Orcish Mines
 25213 | Orc:2    | Found a staircase to the Elven Halls.
 25598 | Orc:1    | You are sucked into a shaft and drop 1 floor!
 25598 | Orc:2    | Found a roughly hewn altar of Beogh.
 26147 | Orc:2    | Paralysed by an orc sorcerer for 4 turns
 26161 | Orc:2    | HP: 3/86 [orc warrior/+0 dire flail (33)]
 26165 | Orc:2    | Demolished by an orc warrior

Levels and vault maps discovered:
D:1:      dpeg_arrival_long_road, layout_rooms
D:2:      layout_loops_ring, minivault_4
D:3:      minmay_chambers_of_twos, layout_rooms,
          chequers_ecumenical_altar_simple_redux
D:4:      layout_basic, vehumet_altar_wand_db, lemuel_crystal_altar,
          saegor_snake_ambush
D:5:      layout_loops_ring, first_ration
D:6:      layout_layer_cave, nicolae_overflow_hidden_temple,
          lemuel_doored_altar, minmay_temple_entry_sparse_star,
          minmay_three_doors
D:7:      layout_loops_cross
D:8:      layout_cave_pools, serial_shops, nicolae_shop_crystal
D:9:      wad_arrow_thing, layout_loops_ring, ashenzari_conservatory_becter,
          grunt_ogre_cave, minivault_10
D:10:     layout_loops_ring, zombieorc2_lemuel, billiards_dpeg
D:11:     layout_long_grid, grunt_lair_entry_orc_guard_hut, grunt_potential,
          uniq_sonja
D:12:     layout_grid_maze, serial_shops, nicolae_shop_trees,
          minmay_the_grid_square_5x5_3x3_mashed
          [minmay_the_grid_square_5x5_shrine1,
          minmay_the_grid_square_5x5_doubleslash,
          minmay_the_grid_square_5x5_inner_i, minmay_the_grid_square_5x5_two,
          minmay_the_grid_square_5x5_megaprize_checkered,
          minmay_the_grid_square_5x5_comb, minmay_the_grid_square_5x5_six,
          minmay_the_grid_square_5x5_half_checkered,
          minmay_the_grid_square_5x5_inner_v]
Temple:   regret_index_temple_sphere_string
Lair:1:   layout_cave_pods, grunt_megastairs_3
Lair:2:   layout_roguey, minmay_swamp_entry_reptiles, minivault_25
Lair:3:   layout_gridlike, guppyfry_snake_entry_island,
          chequers_serial_rivers_micro_d, grunt_megastairs_4,
          minmay_lair_oklob_chamber
Lair:4:   layout_cave_shapes, serial_bayou_ford_a, uniq_rupert
Lair:5:   layout_cave_pods, slime_altar_1, roderic_batcave,
          kilobyte_rumbling_trees
Lair:6:   grunt_lair_end_beastmaster, layout_misc_corridors, basic_altar,
          minmay_lair_oklob_items
Orc:1:    layout_caves, special_room [special_room_bee]
Orc:2:    st_orc_elflike, layout_caves, basic_altar

Skill      XL: |  1  2  3  4  5  6  7  8  9 10 11 12 13 14 |
---------------+-------------------------------------------+-----
Conjurations   | 2 3 4 5 6 9 10 | 10.0
Spellcasting   | 3 4 6 8 9 |  9.1
Air Magic      | 5 6 10 12 13 15 | 15.1
Fighting       | 1 3 4 6 8 9 |  9.2
Dodging        | 4 6 8 10 11 | 11.0
Evocations     | 3 5 6 8 |  8.0
Stealth        | 4 |  4.2
Invocations    | 3 6 7 8 |  8.0
Charms         | 4 6 |  6.0

Action                   |  1- 3 |  4- 6 |  7- 9 | 10-12 | 13-15 || total
-------------------------+-------+-------+-------+-------+-------++-------
Melee: Mace              |     8 |     5 |    11 |       |       ||    24
       Kick              |       |     1 |     5 |    64 |    79 ||   149
       Peck              |       |     1 |     5 |    39 |    56 ||   101
       Scimitar          |       |       |    12 |   238 |   234 ||   484
       Quarterstaff      |       |       |     7 |       |       ||     7
Throw: Dart              |       |       |       |       |     2 ||     2
 Cast: Shock             |    65 |   100 |   139 |   118 |   118 ||   540
       Airstrike         |       |       |    31 |   155 |   181 ||   367
       Static Discharge  |       |       |     9 |    35 |    64 ||   108
       Ozocubu's Armour  |       |       |       |     6 |    30 ||    36
       Shroud of Golubri |       |       |       |     4 |    28 ||    32
       Mephitic Cloud    |       |       |       |     1 |     1 ||     2
       Freezing Cloud    |       |       |       |     1 |     1 ||     2
       Lightning Bolt    |       |       |       |       |    43 ||    43
       Animate Skeleton  |       |       |       |       |     3 ||     3
       Swiftness         |       |       |       |       |     1 ||     1
Invok: Channel Magic     |       |       |       |     5 |    16 ||    21
       Divine Exegesis   |       |       |       |     1 |     1 ||     2
 Abil: Fly               |       |     1 |       |       |       ||     1
Evoke: Wand              |       |       |       |    10 |       ||    10
  Use: Scroll            |     1 |     4 |     5 |    12 |     7 ||    29
       Potion            |       |       |       |     3 |     1 ||     4
 Stab: Sleeping          |     1 |       |     1 |     6 |       ||     8
       Paralysed         |       |       |       |    17 |       ||    17
       Distracted        |       |       |       |     1 |       ||     1
  Eat: Chunk             |     2 |     6 |    16 |    37 |    46 ||   107
       Ration            |       |       |     1 |     4 |     3 ||     8
Armor: Robe              |     4 |     4 |     5 |    37 |    26 ||    76
       Troll leather arm |       |       |       |       |    20 ||    20
Dodge: Dodged            |    18 |    12 |    42 |   348 |   492 ||   912
       Rpst.: Scimitar   |       |       |     8 |    74 |   118 ||   200

Table legend:
 A = Non-vault XP
 B = Vault XP
 C = Vault XP percentage of total XP
 D = Non-vault monster count
 E = Vault monster count
 F = Vault count percentage of total count
                 A         B        C        D         E       F
            +---------+---------+-------+---------+---------+-------
      Total |   52332 |   28052 |  34.9 |     388 |     170 |  30.5
            +---------+---------+-------+---------+---------+-------
        D:1 |      56 |       0 |   0.0 |      28 |       0 |   0.0
        D:2 |      86 |       0 |   0.0 |      28 |       0 |   0.0
        D:3 |     176 |     142 |  44.7 |      11 |       8 |  42.1
        D:4 |     604 |       1 |   0.2 |      10 |       1 |   9.1
        D:5 |     398 |       0 |   0.0 |      12 |       0 |   0.0
        D:6 |     785 |     467 |  37.3 |      22 |       3 |  12.0
        D:7 |    1564 |       0 |   0.0 |      21 |       0 |   0.0
        D:8 |     783 |       0 |   0.0 |      10 |       0 |   0.0
        D:9 |     641 |    1942 |  75.2 |      13 |      12 |  48.0
       D:10 |    1455 |     718 |  33.0 |      18 |      39 |  68.4
       D:11 |    2595 |    3768 |  59.2 |      15 |      23 |  60.5
       D:12 |       0 |     452 | 100.0 |       0 |       2 | 100.0
     Lair:1 |    2430 |     997 |  29.1 |      12 |       4 |  25.0
     Lair:2 |    4092 |     925 |  18.4 |      18 |       4 |  18.2
     Lair:3 |    9552 |     621 |   6.1 |      27 |       4 |  12.9
     Lair:4 |    3863 |    2954 |  43.3 |      14 |       1 |   6.7
     Lair:5 |    5071 |    1068 |  17.4 |      23 |      16 |  41.0
     Lair:6 |    6339 |   10044 |  61.3 |      20 |      19 |  48.7
      Orc:1 |    7884 |    1885 |  19.3 |      50 |      27 |  35.1
      Orc:2 |    3958 |    2068 |  34.3 |      36 |       7 |  16.3
            +---------+---------+-------+---------+---------+-------
